AoeStats
← Nessy

Black Forest

510284546Analyzed
4v4 RM · 2d ago on Sep 30, 2026· 32m 30s· 8 players
Game mode
Random Map
Map size
Large (8 player)
Population
200
Speed
Normal
Resources
Standard
Victory
Conquest
Starting age
Dark Age
Ending age
Imperial Age
RankedLock teamsTeams togetherTeam positionsShared explorationLock speedFull tech treeHidden civsTurbo modeCheats
Victory
Defeat
🇦🇺 Wei · Australia
1923
+4
🇦🇺 Danes · Australia
1536
+16
🇦🇺 Bengalis · Australia
1417
+19
🇦🇺 Wu · Australia
1414
+19
🇳🇱 Poles · Netherlands
1624
-19
🇳🇿 Goths · New Zealand
1543
-15
🇬🇧 Sicilians · United Kingdom
1519
-14
🇪🇸 Berbers · Spain
1435
-10
Locke
7:38 Loom
10:09 Feudal Age
10:47 Double-Bit Axe
11:56 Horse Collar
14:20 Fletching
22:00 Castle Age
23:09 Bow Saw
25:39 Wheelbarrow
27:33 Gold Mining
27:34 Stone Mining
28:15 Heavy Plow
30:10 Gold Shaft Mining
30:10 Stone Shaft Mining
30:02 Hand Cart
33:55 Imperial Age
31:44 Bodkin Arrow
31:50 Padded Archer Armor
32:11 Ballistics
31:29 Crossbowman
Borya
10:43 Feudal Age
9:07 Loom
10:52 Feudal Age
15:32 Castle Age
15:33 Double-Bit Axe
15:35 Horse Collar
16:45 Scale Barding Armor
20:01 Bow Saw
19:43 Gold Mining
25:00 Gold Shaft Mining
25:32 Town Watch
27:45 Wheelbarrow
28:22 Chain Barding Armor
28:13 Forging
28:55 Bloodlines
28:45 Husbandry
Komkommersla
11:02 Feudal Age
14:31 Castle Age
12:39 Double-Bit Axe
12:40 Horse Collar
16:20 Bow Saw
16:39 Heavy Plow
21:00 Wheelbarrow
21:39 Gold Mining
23:32 Stone Mining
24:02 Hand Cart
28:00 Imperial Age
26:29 Scale Barding Armor
26:35 Forging
26:40 Bloodlines
26:31 Husbandry
27:26 Loom
27:54 Masonry
28:10 Chain Barding Armor
28:30 Szlachta Privileges
29:14 Iron Casting
28:07 Cavalier
30:21 Chemistry
29:56 Conscription
30:13 Onager
31:50 Crop Rotation
JayJayNico
1:52 Loom
16:03 Feudal Age
23:22 Castle Age
21:37 Double-Bit Axe
23:58 Scale Mail Armor
31:53 Fletching
TDI
1:10 Loom
18:35 Feudal Age
22:33 Castle Age
23:10 Double-Bit Axe
24:31 Bow Saw
26:37 Scale Mail Armor
27:59 Chain Mail Armor
32:24 Town Watch
Nessy
11:22 Feudal Age
15:24 Castle Age
14:03 Double-Bit Axe
14:00 Horse Collar
16:55 Scale Barding Armor
17:25 Bow Saw
17:50 Forging
19:07 Loom
19:58 Light Cavalry
23:46 Sanctity
25:40 Wheelbarrow
25:46 Heavy Plow
27:32 Bloodlines
27:22 Husbandry
28:05 Fervor
28:23 Hand Cart
30:53 Imperial Age
30:30 Bloodlines
30:20 Husbandry
30:42 Chain Barding Armor
30:57 Iron Casting
33:00 Plate Barding Armor
33:00 Iron Casting
31:51 Elite Battle Elephant
SlateRS
1:27 Loom
10:20 Feudal Age
17:18 Castle Age
17:19 Double-Bit Axe
22:44 Horse Collar
27:21 Wheelbarrow
27:04 Bow Saw
28:06 Squires
28:21 Fletching
27:56 Pikeman
29:18 Scale Mail Armor
29:29 Forging
31:54 Masonry
34:54 Imperial Age
Zain
10:42 Feudal Age
14:26 Castle Age
12:55 Double-Bit Axe
12:50 Horse Collar
15:26 Bow Saw
15:17 Heavy Plow
22:03 Wheelbarrow
22:11 Gold Mining
24:46 Gold Shaft Mining
24:02 Stone Mining
24:33 Hand Cart
29:01 Imperial Age
27:03 Loom
27:04 Town Watch
28:17 Stone Shaft Mining
28:14 Bloodlines
28:04 Husbandry
28:42 Gold Shaft Mining
28:48 Gold Shaft Mining
28:34 Scale Barding Armor
29:10 Forging
29:36 Tuntian
29:05 Elite Tiger Cavalry
30:09 Chain Barding Armor
30:31 Conscription
31:18 Ming Guang Armor
32:19 Iron Casting
Connection lost

Rejoining the realm…

Still unreachable

The connection could not be restored.

Session expired

The server has moved on; the page needs a fresh start.